 Dungeon Crawl Stone Soup version 0.31-a0-574-g69dc8cc98e (webtiles) character file.

Game seed: 16867839862867454009

513 night the Ruffian (level 7, 0/52 HPs)
             Began as a Demonspawn Shapeshifter on Aug 18, 2023.
             Slain by a killer bee (2 damage)
             ... on level 4 of the Dungeon.
             The game lasted 00:05:21 (2723 turns).

night the Ruffian (Demonspawn Shapeshifter)         Turns: 2723, Time: 00:05:21

Health: 0/52       AC:  7    Str: 16    XL:     7   Next: 0%
Magic:  7/7        EV: 11    Int: 11    God:
Gold:   115        SH:  5    Dex: 13    Spells: 6/6 levels left

rFire   . .          .
                       - Unarmed
rCold   . . .        (no shield)
rNeg    . . .        p - +0 ring mail
rPois   .            (helmet currently unavailable)
rElec   .            (cloak currently unavailable)
rCorr   .            (gloves currently unavailable)
SInv    .            (boots currently unavailable)
Will    .....        h - amulet of reflection
Stlth   +            (no ring)
HPRegen 0.28/turn    (no ring)
MPRegen 0.10/turn

%: reflection
@: lethally poisoned (0 -> -8), beast-form
A: beast (slay +2), yellow scales 1, foul stench 1
a: Begin Untransformation


You were on level 4 of the Dungeon.
You were a hulking beast.
You visited 1 branch of the dungeon, and saw 4 of its levels.

You collected 115 gold pieces.

Inventory:

Missiles
 l - 29 stones
 w - 3 boomerangs
Armour
 a - a +0 animal skin
 p - a +0 ring mail (worn)
Jewellery
 h - an amulet of reflection (around neck)
 t - a ring of protection from cold
Talismans
 c - a beast talisman (active)
 d - a flux talisman
Wands
 v - a wand of polymorph (5)
Scrolls
 e - 3 scrolls of teleportation {unknown}
 f - 3 scrolls of poison {unknown}
 g - a scroll of amnesia {unknown}
 i - a scroll of immolation {unknown}
 j - 2 scrolls of torment {unknown}
 k - a scroll of fog {unknown}
 n - a scroll of identify {unknown}
 q - 3 scrolls of revelation {unknown}
 r - a scroll of butterflies {unknown}
Potions
 b - a potion of lignification
 m - a potion of magic {unknown}
 o - 3 potions of curing {unknown}
 s - 2 potions of heal wounds {unknown}
 u - a potion of mutation {unknown}


   Skills:
 + Level 3.6 Fighting
 - Level 1.7 Dodging
 * Level 5.4 Unarmed Combat
 + Level 3.8 Shapeshifting


You had 6 spell levels left.
You didn't know any spells.
Your spell library contained the following spells:

 Spells                   Type           Power      Damage    Failure   Level
 Conjure Ball Lightning   Conj/Air       0%         3x3d6     100%        6
 Discord                  Hex            0%         N/A       100%        8
 Disjunction              Tloc           0%         N/A       100%        8


Dungeon Overview and Level Annotations

Branches:
Dungeon (4/15)
 Temple: D:4-7

Altars:
Ashenzari


Innate Abilities, Weirdness & Mutations

You are a hulking beast.
Your limbs bulge with bestial killing power. (Slay +2)
You are partially covered in yellow scales. (AC +2)
You may rarely emit foul miasma when damaged in melee.


Message History

The iguana is severely wounded.
You feel sick. The iguana bites you.
You hit the iguana but do no damage.
The iguana is severely wounded.
You feel sick.
You are no longer poisoned.
You block the iguana's attack.
You hit the iguana but do no damage.
The iguana is severely wounded.
The iguana barely misses you.
You punch the iguana!
You kill the iguana!
You have reached level 7!
You closely miss the killer bee. The killer bee stings you. x2
You punch the killer bee!
The killer bee is heavily wounded.
The killer bee barely misses you. x2
You hit the killer bee.
The killer bee is almost dead.
The killer bee stings you.
* * * LOW HITPOINT WARNING * * *
You are poisoned.
The killer bee poisons you!
The killer bee stings you but does no damage.
You closely miss the killer bee.
The killer bee is almost dead.
You feel sick. You block the killer bee's attack.
The killer bee stings you but does no damage.
You barely miss the killer bee.
The killer bee is almost dead.
The killer bee stings you.
* * * LOW HITPOINT WARNING * * *
You miss the killer bee.
The killer bee is almost dead.
* * * LOW HITPOINT WARNING * * *
You feel sick. The killer bee stings you.
* * * LOW HITPOINT WARNING * * *
You are more poisoned.
The killer bee poisons you! The killer bee stings you.
You die...

#...... #.#..##.##
#. ...y. #.#..##)#
#. ...y. #.......#
#. ... #.#..##.# #.
... #.#.>##.# #.
#######y#######
#.#####.# #.
....[.......... #.#
#.# #.
#.#########.#####.#
#.
#....yh...........#
#.
###########.#####.#
#. #.##########.
#............
#############


You could see a killer bee.

Vanquished Creatures
  2 ogres (D:4)
  A scorpion (D:4)
  A killer bee (D:4)
  A howler monkey (D:4)
  2 orc priests (D:4)
  An iguana (D:4)
  A gnoll (D:1)
  5 adders
  A worm (D:2)
  7 orcs
  6 endoplasms
  2 giant cockroaches
  3 hobgoblins
  3 jackals (D:2)
  4 kobolds
  4 quokkas
  4 ball pythons
  4 bats
  7 frilled lizards
  4 goblins
  6 rats
69 creatures vanquished.

Notes
Turn   | Place    | Note
-------+----------+-------------------------------------------
     0 | D:1      | night the Demonspawn Shapeshifter began the quest for the
                  | Orb.
     0 | D:1      | Reached XP level 1. HP: 15/15 MP: 1/1
   127 | D:1      | Reached skill level 3 in Unarmed Combat
   168 | D:1      | Gained mutation: You are partially covered in yellow
                  | scales. (AC +2) [demonic ancestry]
   168 | D:1      | Reached XP level 2. HP: 19/21 MP: 2/2
   478 | D:1      | Reached XP level 3. HP: 19/26 MP: 3/3
   900 | D:2      | Found a faded altar of an unknown god.
  1046 | D:2      | Reached skill level 2 in Fighting
  1123 | D:2      | Reached XP level 4. HP: 33/33 MP: 4/4
  1643 | D:3      | Found a broken altar of Ashenzari.
  1959 | D:4      | Reached skill level 4 in Unarmed Combat
  2033 | D:4      | Gained mutation: You may rarely emit foul miasma when
                  | damaged in melee. [demonic ancestry]
  2033 | D:4      | Reached XP level 5. HP: 39/39 MP: 5/5
  2117 | D:4      | Noticed an ogre
  2126 | D:4      | Killed an ogre
  2127 | D:4      | Reached XP level 6. HP: 35/47 MP: 6/6
  2368 | D:4      | Reached skill level 5 in Unarmed Combat
  2718 | D:4      | Reached XP level 7. HP: 20/52 MP: 7/7
  2722 | D:4      | HP: 4/52 [killer bee (6)]
  2723 | D:4      | Slain by a killer bee

Illustrated notes

Levels and vault maps discovered:
D:1:      wander_arrival_fairy_ring, layout_rooms, serial_bayou_crossing
D:2:      layout_loops_ring, chequers_ecumenical_altar_grove
D:3:      layout_rooms, ashenzari_altar_1, minmay_misc_feat_rugged
D:4:      layout_basic, serial_shops, nicolae_shop_rolled_up

Skill      XL: |  1  2  3  4  5  6 |
---------------+-------------------+-----
Unarmed Combat | 3 4 5 |  5.4
Shapeshifting  | 3 |  3.8
Fighting       | 2 3 |  3.6
Dodging        | |  1.7

Action                     |  1- 3 |  4- 6 |  7- 9 || total
---------------------------+-------+-------+-------++-------
  Melee: Unarmed           |   149 |   115 |     6 ||   270
         Punch             |     1 |     1 |       ||     2
 Armour: Animal skin       |    19 |       |       ||    19
         Ring mail         |    19 |    19 |     2 ||    40
  Dodge: Dodged            |    82 |    40 |     2 ||   124
  Block: Other             |    31 |    17 |     1 ||    49
         Reflection        |     1 |       |       ||     1

Table legend: (Time is in decaauts)
 A = Elapsed time spent in this place.
 B = Non-inter-level travel time spent in this place.
 C = Inter-level travel time spent in this place.
 D = Time resting spent in this place.
 E = Time spent auto-exploring this place.
 F = Levels seen in this place.
 G = Mean time per level.
                   A        B        C        D        E       F      G
               +--------+--------+--------+--------+--------+-----+--------+
         Total |   2716 |   2656 |     60 |    177 |   1912 |   4 |  679.0 |
       Dungeon |   2716 |   2656 |     60 |    177 |   1912 |   4 |  679.0 |
               +--------+--------+--------+--------+--------+-----+--------+

Top non-repeatable levels by time:
     D:4: 846 daAuts
     D:2: 720 daAuts
     D:1: 601 daAuts
     D:3: 548 daAuts
